 Dungeon Crawl Stone Soup version 0.24.1-11-gbbbb2193e6 (webtiles) character file.

Game seed: 2982842642626287628, levelgen mode: deterministic

79 Peloso the Skirmisher (level 4, -5/35 HPs)
             Began as a Demonspawn Fighter on May 13, 2020.
             Slain by a hippogriff (7 damage)
             ... on level 2 of the Dungeon.
             The game lasted 00:02:33 (1137 turns).

Peloso the Skirmisher (Demonspawn Fighter)          Turns: 1137, Time: 00:02:33

Health: -5/35      AC:  6    Str: 17    XL:     4   Next: 16%
Magic:  4/4        EV:  7    Int: 10    God:
Gold:   113        SH:  9    Dex: 16    Spells: 3/3 levels left

rFire    . . .     SeeInvis .   a - +0 long sword
rCold    . . .     Gourm    .   c - +0 shield
rNeg     . . .     Faith    .   b - +0 scale mail
rPois    .         Spirit   .   (no helmet)
rElec    .         Reflect  .   (no cloak)
rCorr    .         Harm     .   (no gloves)
MR       .....                  (no boots)
Stlth    +.........             (no amulet)
HPRegen  0.11/turn              (no ring)
MPRegen  0.09/turn              (no ring)

@: no status effects
A: thin skeletal structure 2
a: no special abilities


You were on level 2 of the Dungeon.
You were not hungry.

You visited 1 branch of the dungeon, and saw 2 of its levels.

You collected 113 gold pieces.

Inventory:

Hand Weapons
 a - a +0 long sword (weapon)
Armour
 b - a +0 scale mail (worn)
 c - a +0 shield (worn)
Scrolls
 g - 2 scrolls of fog {unknown}
 h - 5 scrolls of identify {unknown}
 l - a scroll of remove curse {unknown}
Potions
 d - a potion of might
 e - a potion of heal wounds {unknown}
 i - a potion of invisibility {unknown}
 j - a potion of flight {unknown}
 k - a potion of magic {unknown}
Comestibles
 f - 6 rations


   Skills:
 + Level 3.4 Fighting
 + Level 2.4 Long Blades
 + Level 3.1 Armour
 + Level 1.1 Dodging
 + Level 0.1 Stealth
 + Level 3.2 Shields


You had 3 spell levels left.
You didn't know any spells.
Your spell library was empty.

Dungeon Overview and Level Annotations

Branches:
Dungeon (2/15)

Altars:


Innate Abilities, Weirdness & Mutations

You have a moderately thin skeletal structure. (Dex +4, Stealth+)


Message History

The hippogriff bites you! The hippogriff pecks you.
The hippogriff closely misses you. The hippogriff bites you!
You block the hippogriff's attack.
The hippogriff claws you but does no damage.
You slash the hippogriff!
The hippogriff is moderately wounded.
You block the hippogriff's attack. The hippogriff pecks you.
* * * LOW HITPOINT WARNING * * *
You block the hippogriff's attack.
You slash the hippogriff!
The hippogriff is heavily wounded.
The hippogriff bites you.
* * * LOW HITPOINT WARNING * * *
You block the hippogriff's attack. The hippogriff claws you.
* * * LOW HITPOINT WARNING * * *
You slash the hippogriff!
The hippogriff is severely wounded.
The hippogriff bites you but does no damage.
You block the hippogriff's attack. The hippogriff claws you!
You die...

##.####.# ### #.....#.#
..# ###..##.#.# ...
.)...##.#.# #.#
#####......# . #.#
####.### #.. #.#
####.####
#....##.#######.......#
#....H@.(....#....##.#
##..##.......#.#### #
... #.......#.#### #
#............#
#.......#.##.###
#.......#......#
#(......####.#.#
######<## #.#.# #..
..#.#


You could see a hippogriff.

Vanquished Creatures
  3 adders (D:2)
  A worm (D:2)
  A dart slug (D:1)
  A leopard gecko (D:1)
  3 giant cockroaches
  3 goblins
  8 hobgoblins (D:1)
  6 jackals (D:1)
  4 kobolds (D:1)
  3 bats
  4 frilled lizards
  7 rats
44 creatures vanquished.

Notes
Turn   | Place    | Note
-------+----------+-------------------------------------------
     0 | D:1      | Peloso the Demonspawn Fighter began the quest for the Orb.
     0 | D:1      | Reached XP level 1. HP: 18/18 MP: 1/1
    82 | D:1      | Gained mutation: You have a somewhat thin skeletal
                  | structure. (Dex +2, Stealth) [demonic ancestry]
    82 | D:1      | Reached XP level 2. HP: 15/24 MP: 2/2
   386 | D:1      | Gained mutation: You have a moderately thin skeletal
                  | structure. (Dex +4, Stealth+) [demonic ancestry]
   386 | D:1      | Reached XP level 3. HP: 29/29 MP: 3/3
  1079 | D:2      | Reached skill level 1 in Dodging
  1079 | D:2      | Reached XP level 4. HP: 35/35 MP: 4/4
  1129 | D:2      | Noticed a hippogriff
  1137 | D:2      | Slain by a hippogriff

Levels and vault maps discovered:
D:1:      scummos_arrival_checkerplants, layout_loops_ring, minivault_25,
          kennysheep_flooded_box, minmay_stone_trees_small, minmay_hedge_maze,
          roderic_three_in_a_row
D:2:      layout_loops_cross, grunt_temple_overflow_growth_and_decay,
          first_ration

Skill      XL: |  1  2  3 |
---------------+----------+-----
Long Blades    | 2 |  2.4
Armour         | 3 |  3.1
Shields        | 3 |  3.2
Dodging        | 1 |  1.1
Fighting       | |  3.4
Stealth        | |  0.1

Action                   |  1- 3 |  4- 6 || total
-------------------------+-------+-------++-------
Melee: Long sword        |   130 |    10 ||   140
 Stab: Sleeping          |       |     1 ||     1
  Eat: Chunk             |       |     1 ||     1
Armor: Scale mail        |    61 |     3 ||    64
Dodge: Dodged            |    44 |     2 ||    46
Block: Shield            |    70 |     8 ||    78
       Rpst.: Long sword |    18 |     1 ||    19
